AoeStats
← Sir Paul

Arena

510620128Analyzed
1v1 RM · 1d ago on Oct 1, 2026· 24m 6s· 2 players
Game mode
Random Map
Map size
Tiny (2 player)
Population
200
Speed
Normal
Resources
Standard
Victory
Conquest
Starting age
Dark Age
Ending age
Imperial Age
RankedLock teamsTeams togetherTeam positionsShared explorationLock speedFull tech treeHidden civsTurbo modeCheats
Victory
Defeat
🇨🇱 Spanish · Chile
809
+15
🇪🇸 Mongols · Spain
797
-15
Arontxo
7:42 Loom
11:03 Feudal Age
12:33 Double-Bit Axe
15:49 Castle Age
14:03 Gold Mining
15:42 Wheelbarrow
24:06 Hand Cart
24:06 Fletching
Sir Paul
5:05 Loom
10:27 Feudal Age
11:04 Double-Bit Axe
15:58 Castle Age
15:11 Stone Mining
15:08 Horse Collar
17:24 Bow Saw
19:52 Stone Shaft Mining
19:11 Gold Mining
20:53 Wheelbarrow
20:04 Town Watch
22:49 Town Watch
Connection lost

Rejoining the realm…

Still unreachable

The connection could not be restored.

Session expired

The server has moved on; the page needs a fresh start.